 Dungeon Crawl Stone Soup version 0.17-a0-1718-g72dbe4d (webtiles) character file.

83 wvc the Digger (level 4, 32/32 HPs)
             Began as a Human Wanderer on Aug 26, 2015.
             Quit the game on level 2 of the Dungeon.
             The game lasted 00:05:21 (1881 turns).

wvc the Digger (Human Wanderer)                     Turns: 1881, Time: 00:05:21

Health: 32/32      AC:  5    Str: 11    XL:     4   Next: 71%
Magic:  8/8        EV: 11    Int: 14    God:
Gold:   45         SH:  0    Dex: 13    Spells: 1 memorised, 8 levels left

rFire  . . .     SeeInvis .     i - +0 spear
rCold  . . .     Clarity  .     d - +1 robe
rNeg   . . .     SustAt   .     (no shield)
rPois  .         Gourm    .     k - +2 hat
rElec  .         Spirit   .     (no cloak)
rCorr  .         Warding  .     (no gloves)
rMut   .         Stasis   .     (no boots)
MR     .....                    (no amulet)
Stlth  ++........               (no ring)
                                (no ring)

@: not resistant to hostile enchantments, unstealthy
A: no striking features
a: no special abilities


You were on level 2 of the Dungeon.
You were not hungry.

You visited 1 branch of the dungeon, and saw 2 of its levels.

You collected 45 gold pieces.

Inventory:

Hand weapons
 e - a +0 dagger
 h - a +0 hunting sling
 i - a +0 spear (weapon)
 o - a -1 spear
Missiles
 m - 49 stones (quivered)
 p - 3 poisoned needles
Armour
 d - a +1 robe (worn)
 k - a +2 hat (worn)
Scrolls
 l - a scroll of enchant armour
 n - a scroll of remove curse
 s - a scroll of teleportation
Potions
 b - 3 potions of curing
 g - a potion of heal wounds {unknown}
 j - a potion of might {unknown}
 r - a potion of mutation {unknown}
Books
 a - a book of Air

   Spells                             Type                      Level
   a - Shock                          Conjuration/Air              1
   b - Swiftness                      Charms/Air                   2
   c - Repel Missiles                 Charms/Air                   2
   d - Static Discharge               Conjuration/Air              3
   e - Lightning Bolt                 Conjuration/Air              5
 c - the Collected Works on the Rocks

   Spells                             Type                      Level
   a - Sandblast                      Earth                        1
   b - Passwall                       Transmutation/Earth          3
Comestibles
 f - a bread ration
 q - a fruit


   Skills:
 + Level 1.0 Fighting
   Level 1.0 Staves
 + Level 0.4 Dodging
 - Level 2.0 Stealth
 * Level 3.2 Spellcasting
   Level 1.0 Air Magic
 * Level 3.4 Earth Magic
   Level 1.0 Evocations


You had 8 spell levels left.
You knew the following spells:

 Your Spells              Type           Power        Failure   Level  Hunger
a - Sandblast             Erth           ##....       6%          1    #......


Dungeon Overview and Level Annotations

Branches:
Dungeon (2/15)

Altars:


Message History

m - 49 stones (gained 22) Attack whom?
Press: ? - help, Dir - move target cursor, f - hobgoblin
Aim: a hobgoblin (resting)
You reach to attack!
The helpless hobgoblin fails to defend itself.
You hit the hobgoblin.
The hobgoblin is moderately wounded.
You barely miss the hobgoblin.
The hobgoblin is moderately wounded.
The hobgoblin closely misses you.
You hit the hobgoblin.
You kill the hobgoblin!
No target in view!
No target in view!
No target in view!
You see here a hobgoblin corpse.
A hobgoblin comes into view. It is wielding a club.
The hobgoblin moves out of view.
Are you sure you want to abandon this character and quit the game? (Confirm with "yes".)

.# #.##.#.#######.## #.# ..#
#<##.#.# #.# #.## ..## #..†...#
#.# #... .<. ####.### ##'## ###.
#.# #.# ##...## #. #K# #.#
##.....## #. ..# ##.## #.......##
#.
..###########...####.........###.
................@..'.........'.).
..########.##...#.##g........###.
..# #.........##.......## #. #.#
#.........###.....## #. #.#
#.................. #. ###
#.##...#.#.####'## #. #.
......#.# #. #. ##... ##.# # #


You could see a hobgoblin (wandering).

Vanquished Creatures
  Jessica (D:2)
  3 gnolls (D:2)
  2 worms (D:2)
  A giant gecko (D:2)
  A bat (D:1)
  A giant cockroach (D:1)
  5 hobgoblins
  A giant newt (D:2)
  A goblin (D:1)
  3 kobolds (D:1)
  6 rats
25 creatures vanquished.

Notes
Turn   | Place    | Note
--------------------------------------------------------------
     0 | D:1      | wvc the Human Wanderer began the quest for the Orb.
     0 | D:1      | wvc set off with: a book of Air, a potion of curing, the Collected Works on the Rocks, a +0 robe, a +0 dagger, a bread ration
     0 | D:1      | Reached XP level 1. HP: 15/15 MP: 3/3
     6 | D:1      | Identified the Collected Works on the Rocks
     8 | D:1      | Learned a level 1 spell: Sandblast
   473 | D:1      | Reached XP level 2. HP: 19/21 MP: 1/5
  1238 | D:2      | Noticed Jessica
  1246 | D:2      | Reached XP level 3. HP: 19/26 MP: 2/7
  1248 | D:2      | Killed Jessica
  1248 | D:2      | Reached skill level 3 in Spellcasting
  1248 | D:2      | Reached XP level 4. HP: 23/32 MP: 0/8
  1881 | D:2      | Quit the game

Vault maps used:
D:1:      minmay_arrival_split_and_join
D:2:      cheibriados_altar_1, minmay_parallelograms, tgw_kikubaaqudgha,
          uniq_jessica

Action                   |  1- 3 |  4- 6 || total
-------------------------+-------+-------++-------
Melee: Dagger            |    26 |       ||    26
       Spear             |    15 |     3 ||    18
 Cast: Sandblast         |    21 |    21 ||    42
  Use: Scroll            |     1 |     2 ||     3
 Stab: Sleeping          |       |     1 ||     1
  Eat: Pizza             |     1 |       ||     1
       Fruit             |       |     2 ||     2
